 Dungeon Crawl Stone Soup version 0.31.0-9-g3a7656b989 (webtiles) character file.

Game seed: 3690532371188881896

223728 Amplified the Warrior (level 17, -12/134 HPs)
             Began as a Minotaur Berserker on Jan 28, 2024.
             Was a High Priest of Trog.
             Mangled by a war gargoyle
             ... wielding a +0 morningstar of protection
             ... led by a peacekeeper
              (27 damage)
             ... on level 2 of the Vaults.
             The game lasted 00:54:33 (31631 turns).

Amplified the Warrior (Minotaur Berserker)         Turns: 31631, Time: 00:54:34

Health: -12/134    AC: 26    Str: 36    XL:     17   Next: 99%
Magic:  12/12      EV: 18    Int:  6    God:    Trog [*****.]
Gold:   1920       SH: 15    Dex:  9    Spells: 16/16 levels left

rFire   + + +        Q - +4 broad axe (flame)
rCold   . . .        c - +2 kite shield
rNeg    + + +        C - +4 chain mail of Slovenliness {rN+}
rPois   +            (helmet restricted)
rElec   +            V - scarf {rC+ rF+}
rCorr   +            d - +2 pair of gloves
SInv    +            b - +3 pair of seven-league boots {Rampage+∞}
Will    +++..        o - amulet "Meav" {RegenMP rElec rF++ rC- rCorr} Stlth
                     F - ring "Apith" {rN++ Str+9 Dex-2 SInv}
HPRegen 1.42/turn    J - +5 ring of evasion
MPRegen 0.53/turn

%: rampage+∞
@: mighty, about to teleport, strong-willed, spiked, on berserk cooldown,
regenerating, hasted and slowed
A: horns 2, retaliatory headbutt, fangs 1, poison resistance, wild magic 1,
[deterioration 2], [frail 2], [low MP 2], [no potion heal 2], [inability to read
after injury 2]
}: 1/15 runes: gossamer
a: Renounce Religion, Berserk, Trog's Hand, Brothers in Arms


You were on level 2 of the Vaults.
You worshipped Trog.
Trog was extremely pleased with you.
You visited 5 branches of the dungeon, and saw 28 of its levels.
You visited the Abyss 1 time.
You also visited: Ice Cave and Volcano.

You collected 4585 gold pieces.
You spent 2665 gold pieces at shops.

Inventory:

Hand Weapons
 Q - a +4 broad axe of flaming (weapon)
 U - a +2 antimagic broad axe
 Z - a +4 antimagic eveningstar
Missiles
 j - 47 poisoned darts (quivered)
 L - 7 curare-tipped darts
Armour
 b - the +3 pair of seven-league boots (worn) {Rampage+∞}
   (You bought it in a shop on level 2 of the Vaults)

   Rampage+∞: When moving toward enemies, its wearer moves as far as possible,
   alerting their target en route.
 c - a +2 kite shield (worn)
 d - a +2 pair of gloves (worn)
 C - the +4 chain mail of Slovenliness (worn) {rN+}
   (You bought it in a shop on level 1 of the Dungeon)

   rN+:       It protects you from negative energy.
 D - a +2 ring mail of poison resistance
 N - a +3 chain mail of fire resistance
 T - +0 ice dragon scales
 V - a scarf of resistance (worn)
 X - a +0 cloak of preservation
Jewellery
 m - a ring of flight
 o - the amulet "Meav" (around neck) {RegenMP rElec rF++ rC- rCorr}
   (You acquired it on level 4 of the Dungeon)

   [amulet of magic regeneration]

   RegenMP:   It increases your rate of magic regeneration.
   rF++:      It greatly protects you from fire.
   rC-:       It makes you vulnerable to cold.
   rElec:     It insulates you from electricity.
   rCorr:     It protects you from acid and corrosion.
 y - a ring of protection from cold
 z - a ring of resist corrosion
 F - the ring "Apith" (left hand) {rN++ Str+9 Dex-2 SInv}
   (You found it on level 4 of the Lair of Beasts)

   [ring of see invisible]

   Str+9:     It affects your strength (+9).
   Dex-2:     It affects your dexterity (-2).
   rN++:      It greatly protects you from negative energy.
   SInv:      It lets you see invisible.
 J - a +5 ring of evasion (right hand)
 K - the amulet of Generosity {Spirit ^Contam Will+ rCorr}
   (You found it on level 4 of the Lair of Beasts)

   [amulet of guardian spirit]

   Spirit:    It causes incoming damage to be divided between your reserves of
   health and magic.
   Will+:     It increases your willpower.
   ^Contam:   It causes magical contamination when unequipped.
   rCorr:     It protects you from acid and corrosion.
 W - a ring of see invisible
Wands
 q - a wand of digging (2)
 u - a wand of mindburst (1)
 A - a wand of acid (13)
 B - a wand of charming (33)
 P - a wand of flame (11)
 S - a wand of iceblast (15)
Scrolls
 e - 8 scrolls of identify
 h - 5 scrolls of fear
 l - 6 scrolls of teleportation
 E - 5 scrolls of poison
 G - 2 scrolls of summoning
 I - 2 scrolls of immolation
 M - a scroll of fog
 O - 3 scrolls of silence
 R - 2 scrolls of brand weapon
 Y - a scroll of vulnerability
Potions
 f - 5 potions of haste
 g - 3 potions of heal wounds
 i - 3 potions of cancellation
 k - 14 potions of curing
 n - 2 potions of attraction
 p - 7 potions of ambrosia
 r - 2 potions of mutation
 t - 4 potions of enlightenment
 v - 5 potions of might
 w - 2 potions of berserk rage
 x - 6 potions of lignification
Miscellaneous
 s - a phial of floods
 H - a lightning rod (4/4)


   Skills:
 * Level 19.0 Fighting
 - Level 18.1 Axes
 * Level 16.9 Armour
 * Level 12.4 Dodging
 - Level 16.2 Shields
 * Level 11.6 Evocations


You had 16 spell levels left.
You didn't know any spells.
Your spell library was empty.

Dungeon Overview and Level Annotations

Branches:
Dungeon (15/15)            Temple (0/1) D:7            Lair (5/5) D:11
 Shoals (0/4) Lair:3       Spider (4/4) Lair:3        Slime (0/5) Lair:4
    Orc (2/2) D:10            Elf (0/3) Orc:2        Vaults (2/5) D:14
 Depths (0/4) D:15          IceCv (visited)         Volcano (visited)
  Crypt: Vaults:2-3

Altars:
Hepliaklqana
Makhleb
Sif Muna
Trog
Uskayaw
Xom
Zin
The Shining One
Jiyva

Shops:
D:1 [   D:13 :   Orc:1 *   Orc:2 !?:=:   Vaults:2 *

Annotations:
Spider:4 2 runed translucent doors
Vaults:2 Frederick


Innate Abilities, Weirdness & Mutations

You have a pair of horns on your head.
You reflexively headbutt those who attack you in melee.
You have very sharp teeth.
Your system is resistant to poisons. (rPois)
Your spells are a little harder to cast, but a little more powerful.
[Your body often deteriorates upon taking damage.]
[You are very frail. (-20% HP)]
[Your magical capacity is very low. (-20% MP)]
[Potions cannot restore your health.]
[You sometimes lose the ability to read scrolls when taking damage.]


Message History

Unknown command.
Unknown command.
Your skin crawls.
You feel strong-willed.
The war gargoyle hits you but does no damage.
The peacekeeper bites you but does no damage.
The peacekeeper claws you but does no damage.
You block the war gargoyle's attack.
The deep elf demonologist gestures wildly while chanting.
The great orb of eyes pulsates ominously.
Your deep troll bites the stone giant!
Your deep troll claws the stone giant!!
Your deep troll completely misses the stone giant.
You block the war gargoyle's attack.
The peacekeeper roars a battlecry!
The war gargoyles go into a battle-frenzy!
Unknown command.
Unknown command.
You slash the war gargoyle! You burn the war gargoyle.
The war gargoyle is lightly damaged.
You hit the war gargoyle but do no damage.
You slash the peacekeeper! You burn the peacekeeper.
The vault warden seems to regain its courage.
The war gargoyle misses you.
Your deep troll bites the stone giant!!
Your deep troll claws the stone giant!
Your deep troll claws the stone giant.
The formless jellyfish shimmers eerily.
The formless jellyfish blinks!
The stone giant hits your deep troll! The war gargoyle completely misses you.
You furiously retaliate!
You headbutt the war gargoyle!! You block the peacekeeper's attack.
The peacekeeper barely misses you.
Unknown command.
Unknown command.
Unknown command.
Unknown command.
You hit the war gargoyle but do no damage.
You bite the war gargoyle, but do no damage.
The war gargoyle is severely damaged.
You hit the war gargoyle. You slice the great orb of eyes!!
You burn the great orb of eyes. You barely miss the peacekeeper.
The war gargoyle hits you with a +0 morningstar of protection!!
You die...

..#,,,,,,,,**,,,,,,#......#,,,,,,
..###,,,,####,,,,,,#(.....##*+***
..!.######..#####+##...^....,,,,,
............................,,,,,
............................,,,,,
....#'#####....J............,,,,,
....#.....#..###'####+######*****
...<#..>..#..# #.G......,,,,,*
....##...##..# #@9.#**,,,,,,,*
.....##.##...# #99#..p#,,,*,,*
......###....# #wTC....#,,,*,*
.............# #.....O,#,,,*,* *
.............# #4..###(#,,,*,* *
############## #4e#.,,*)O,*,,* **
#.#...*,***,,,***,
****#.#...#,,,,,,,+,+,
****,,,*,*,,,*,,<,,,,***,


You could see a formless jellyfish, a stone giant (distracted, ally target), a
vault warden, a great orb of eyes, an ogre mage, a deep elf demonologist, 2 war
gargoyles, an orange demon (summoned), a peacekeeper, an ice devil (summoned), a
swamp worm shaped shifter and a friendly deep troll (summoned, berserk).

Vanquished Creatures
  Arachne (Spider:2)
  A bone dragon (Abyss:2)
  Frances (Spider:1)
  2 tentacled starspawn (Abyss:2)
  Kirke (Lair:5)
  2 emperor scorpions (Spider:4)
  A frost giant (IceCv)
  3 vault wardens (Vaults:2)
  4 ghost moths (Spider:4)
  2 ironbound preservers
  2 ironbound thunderhulks
  A very ugly thing (Abyss:2)
  8 spark wasps
  A fire dragon (Volcano)
  A yaktaur captain (Vaults:1)
  8 hydras
  8 vault guards (D:14)
  4 entropy weavers
  A peacekeeper (Vaults:2)
  An ice dragon (Lair:5)
  Erica (D:11)
  A great orb of eyes (Vaults:2)
  A jorogumo (Spider:3)
  5 centaur warriors
  4 radroaches
  2 ironbound frosthearts (Vaults:2)
  3 catoblepae
  A death knight (D:14)
  11 boulder beetles
  2 anacondas
  2 tengu warriors
  2 death yaks
  6 two-headed ogres
  7 demonic crawlers
  2 hell hogs
  2 wretched stars (Abyss:2)
  Amaemon (Lair:2)
  A fire crab (Lair:5)
  The ghost of Laummuim the Gouger, a journeyman FeFi of Fedhas (Lair:4)
  4 pharaoh ants
  A skeletal warrior (D:14)
  3 deep trolls (Vaults:1)
  4 large abominations (Abyss:2)
  9 orb spiders
  2 glowing orange brains
  6 slime creatures
  4 ironbound convokers
  A sun moth (Spider:1)
  3 phantasmal warriors (D:14)
  A harpy (shapeshifter) (D:13)
  A deep elf pyromancer (D:14)
  3 steelbarb worms
  4 starcursed masses (Abyss:2)
  An orc sorcerer (Orc:2)
  24 wolf spiders
  3 cyclopes
  3 salamanders (Volcano)
  2 lindwurms (Lair:5)
  7 ugly things
  A worldbinder (Abyss:2)
  A manticore (D:12)
  7 moths of wrath
  5 kobold blastminers
  2 vault sentinels (Vaults:1)
  Joseph (Lair:1)
  A gargoyle (D:12)
  6 elephants
  The ghost of Querens the Thaumaturge, a novice DECj (D:7)
  An ice statue (IceCv)
  6 black mambas
  An orange demon (Lair:2)
  A smoke demon (Abyss:2)
  9 torpor snails
  7 cane toads
  2 rime drakes
  2 efreet
  5 yaktaurs (Vaults:2)
  A tengu conjurer (D:15)
  2 ancient zymes (Abyss:2)
  15 komodo dragons
  Psyche (D:9)
  A catoblepas skeleton (Abyss:2)
  4 merfolk (Lair:3)
  A troll (shapeshifter) (D:13)
  8 blink frogs
  20 tarantellas
  A hellwing (Abyss:2)
  4 trolls
  3 tyrant leeches (Lair:5)
  Prince Ribbit (D:8)
  A wind drake (shapeshifter) (D:15)
  11 hornets
  18 polar bears
  9 dream sheep
  Grinder (D:5)
  4 raiju
  33 jumping spiders
  18 culicivoras
  9 wyverns
  85 yaks
  A vampire (Abyss:2)
  6 wraiths
  2 shadows
  4 hogs (Lair:5)
  4 fire bats (Volcano)
  5 basilisks
  5 wargs
  39 redbacks
  5 steam dragons
  10 vampire mosquitoes
  3 acid dragons
  24 water moccasins
  15 hell hounds (Lair:5)
  32 orc warriors
  16 black bears
  4 ice beasts (D:7)
  6 laughing skulls (Abyss:2)
  13 ogres
  39 wolves
  9 centaurs
  5 kobold brigands
  2 weeping skulls (Abyss:2)
  A brain worm (Abyss:2)
  11 bullfrogs
  A gnoll sergeant (D:9)
  2 small abominations (Abyss:2)
  7 scorpions
  13 wights (D:7)
  16 killer bees
  6 electric eels
  10 howler monkeys
  A crimson imp (Abyss:2)
  3 bombardier beetles
  2 hounds (D:5)
  2 jellies
  14 orc priests
  Crazy Yiuf (D:5)
  A gnoll bouda (D:6)
  An iron imp (Abyss:2)
  An iguana (D:5)
  2 sleepcaps
  Natasha (thrice) (D:4)
  26 orc wizards
  6 hell rats (Lair:3)
  A killer bee simulacrum (D:7)
  9 gnolls
  9 adders
  4 shadow imps
  2 white imps (D:7)
  A howler monkey simulacrum (D:7)
  3 ufetubi
  A dart slug (D:5)
  93 orcs
  7 ball pythons
  4 endoplasms
  4 giant cockroaches
  7 goblins
  7 hobgoblins
  8 jackals
  25 kobolds
  3 quokkas
  A bat (D:2)
  4 frilled lizards
  7 rats
  2 starspawn tentacles (Abyss:2)
1085 creatures vanquished.

Vanquished Creatures (collateral kills)
  Zenata (Vaults:2)
1 creature vanquished.

Vanquished Creatures (others)
  A jorogumo (Spider:4)
  A wolf spider (Spider:4)
  A komodo dragon (Volcano)
  3 starspawn tentacles (Abyss:2)
6 creatures vanquished.

Grand Total: 1092 creatures vanquished

Notes
Turn   | Place    | Note
-------+----------+-------------------------------------------
     0 | D:1      | Amplified the Minotaur Berserker began the quest for the
                  | Orb.
     0 | D:1      | Reached XP level 1. HP: 19/19 MP: 0/0
   191 | D:1      | You fall into a shaft and drop 1 floor!
   300 | D:2      | Reached XP level 2. HP: 26/27 MP: 1/1
   465 | D:2      | Reached skill level 1 in Shields
   473 | D:2      | Reached skill level 4 in Fighting
   473 | D:2      | Reached XP level 3. HP: 33/33 MP: 2/2
   717 | D:2      | Reached ** piety under Trog
   890 | D:1      | Reached XP level 4. HP: 40/40 MP: 3/3
  1255 | D:1      | Gained mutation: [You occasionally lose the ability to read
                  | scrolls when taking damage.] [potion of mutation]
  1256 | D:1      | Lost mutation: [You occasionally lose the ability to read
                  | scrolls when taking damage.] [potion of mutation]
  1256 | D:1      | Gained mutation: [Your body sometimes deteriorates upon
                  | taking damage.] [potion of mutation]
  1434 | D:1      | Found a faded altar of an unknown god.
  1596 | D:1      | Found Kiurgha's Antique Armour Shop.
  1974 | D:3      | Reached XP level 5. HP: 46/47 MP: 4/4
  1999 | D:3      | Found a hazy altar of Hepliaklqana.
  2293 | D:4      | Noticed Natasha
  2309 | D:4      | Killed Natasha
  2324 | D:4      | Noticed Natasha
  2330 | D:4      | Killed Natasha
  2422 | D:4      | Noticed a black bear
  2433 | D:4      | Reached skill level 5 in Axes
  2433 | D:4      | Reached XP level 6. HP: 55/55 MP: 5/5
  2435 | D:4      | Reached skill level 5 in Fighting
  2468 | D:4      | Noticed Natasha
  2474 | D:4      | Killed Natasha
  2600 | D:4      | Found a shimmering altar of Xom.
  2623 | D:4      | Reached *** piety under Trog
  2811 | D:4      | Identified a scroll of acquirement
  2811 | D:4      | Acquired the amulet "Meav" {RegenMP rElec rF++ rC- rCorr}
  2933 | D:5      | Entered Level 5 of the Dungeon
  2937 | D:5      | Reached XP level 7. HP: 58/61 MP: 6/6
  2941 | D:5      | Identified the +7 morningstar of Mana {freeze, *Corrode
                  | +Blink rF+ Str+2}
  2969 | D:5      | Reached skill level 5 in Armour
  3103 | D:5      | Found a shimmering blue altar of Sif Muna.
  3129 | D:5      | Found a bloodstained altar of Trog.
  3277 | D:5      | Reached skill level 6 in Fighting
  3491 | D:5      | Reached XP level 8. HP: 70/70 MP: 7/7
  3554 | D:5      | Noticed Grinder
  3557 | D:5      | Reached skill level 5 in Shields
  3576 | D:5      | Paralysed by Grinder for 3 turns
  4008 | D:6      | Reached **** piety under Trog
  4199 | D:6      | Reached skill level 7 in Fighting
  4871 | D:7      | Reached XP level 9. HP: 51/79 MP: 8/8
  4984 | D:7      | Noticed Querens's ghost (novice DECj)
  5012 | D:7      | Found a staircase to the Ecumenical Temple.
  5033 | D:7      | Reached skill level 5 in Dodging
  5077 | D:7      | Reached skill level 8 in Fighting
  5122 | D:7      | Found a runed translucent gate.
  5123 | D:7      | Found a runed translucent gate.
  5124 | D:7      | Found a runed translucent gate.
  5913 | D:1      | Bought a jewelled chain mail for 237 gold pieces
  5913 | D:1      | Identified the +4 chain mail of Slovenliness {rN+} (You
                  | bought it in a shop on level 1 of the Dungeon)
  5913 | D:1      | Bought a translucent chain mail for 237 gold pieces
  5913 | D:1      | Identified the +2 chain mail of Articulation {-Tele Regen+
                  | Int+3} (You bought it in a shop on level 1 of the Dungeon)
  6339 | D:8      | Noticed Prince Ribbit
  6363 | D:8      | Killed Prince Ribbit
  6721 | D:9      | Noticed a two-headed ogre
  6753 | D:9      | Noticed Psyche
  6757 | D:9      | Killed Psyche
  6759 | D:9      | Reached XP level 10. HP: 90/90 MP: 9/9
  6826 | D:9      | Found a hide-covered altar of Uskayaw.
  7062 | D:9      | Reached skill level 9 in Fighting
  7076 | D:9      | Killed a two-headed ogre
  7339 | D:9      | Found a burning altar of Makhleb.
  7342 | D:9      | Found a glowing silver altar of Zin.
  7343 | D:9      | Noticed a blizzard demon
  7343 | D:9      | Noticed an angel
  7832 | D:10     | Entered Level 10 of the Dungeon
  7875 | D:10     | Reached skill level 10 in Axes
  7943 | D:10     | Reached ***** piety under Trog
  7953 | D:10     | Found a staircase to the Orcish Mines.
  7978 | D:10     | Reached skill level 10 in Fighting
  8220 | D:10     | Noticed a two-headed ogre
  8228 | D:10     | Killed a two-headed ogre
  8229 | D:10     | Reached skill level 10 in Armour
  8229 | D:10     | Reached XP level 11. HP: 100/100 MP: 10/10
  8806 | D:10     | Found a glowing golden altar of the Shining One.
  8825 | D:11     | Found a staircase to the Lair.
  8825 | D:11     | Noticed Erica
  8847 | D:11     | Killed Erica
  8851 | D:11     | Reached skill level 10 in Shields
  8866 | D:11     | Noticed a boulder beetle
  8867 | D:11     | Noticed a two-headed ogre
  8990 | D:11     | Killed a two-headed ogre
  9077 | D:11     | Reached skill level 11 in Fighting
  9114 | D:11     | Noticed a two-headed ogre
  9124 | D:11     | Killed a two-headed ogre
  9212 | D:11     | Noticed a boulder beetle
  9243 | D:11     | Killed a boulder beetle
  9541 | D:11     | Received a gift from Trog
  9572 | D:11     | Killed a boulder beetle
  9787 | D:12     | Noticed a purple ugly thing
  9796 | D:12     | Killed a purple ugly thing
  9865 | D:12     | Noticed a two-headed ogre
  9873 | D:12     | Killed a two-headed ogre
  9899 | D:12     | Reached XP level 12. HP: 110/110 MP: 11/11
 10141 | D:12     | Noticed a boulder beetle
 10160 | D:12     | Killed a boulder beetle
 10553 | D:13     | Noticed a centaur warrior
 10562 | D:13     | Killed a centaur warrior
 10563 | D:13     | Reached skill level 12 in Fighting
 10600 | Lair:1   | Entered Level 1 of the Lair of Beasts
 10890 | Lair:1   | Found a dark tunnel.
 10899 | Volcano  | Entered a volcano
 11188 | Volcano  | Reached skill level 1 in Evocations
 11206 | Volcano  | Noticed a fire dragon
 11218 | Volcano  | Killed a fire dragon
 11355 | Lair:2   | Noticed a six-headed hydra
 11365 | Lair:2   | Killed a two-headed hydra
 11381 | Lair:2   | Reached XP level 13. HP: 108/119 MP: 12/12
 11421 | Lair:2   | Noticed Sonja
 11423 | Lair:2   | Sonja changed into Sonja the scorpion
 11423 | Lair:2   | Noticed Sonja
 11429 | Lair:2   | Killed Sonja the scorpion
 11479 | Lair:2   | Noticed Amaemon
 11491 | Lair:2   | Killed Amaemon
 11492 | Lair:2   | Reached skill level 13 in Fighting
 11518 | Lair:2   | Found a frozen archway.
 11533 | IceCv    | Entered an ice cave
 11698 | IceCv    | Received a gift from Trog
 11851 | IceCv    | Noticed a frost giant
 11871 | IceCv    | Killed a frost giant
 12199 | IceCv    | Acquired 637 gold pieces
 12447 | Lair:4   | Lost mutation: [Your body sometimes deteriorates upon
                  | taking damage.] [potion of mutation]
 12447 | Lair:4   | Gained mutation: You are partially covered in iridescent
                  | scales. (AC +2) [potion of mutation]
 12450 | Lair:5   | Entered Level 5 of the Lair of Beasts
 12520 | Lair:5   | Noticed Nessos
 12527 | Lair:5   | Nessos changed into Nessos the fire crab
 12527 | Lair:5   | Noticed Nessos
 12539 | Lair:5   | Killed Nessos the fire crab
 12606 | Lair:5   | Noticed Kirke
 12608 | Lair:5   | Received a gift from Trog
 12626 | Lair:5   | Killed Kirke
 12627 | Lair:5   | Reached skill level 14 in Fighting
 12677 | Lair:5   | Reached XP level 14. HP: 132/132 MP: 13/13
 12748 | Lair:5   | Reached skill level 5 in Evocations
 12780 | Lair:5   | Received a gift from Trog
 13088 | Lair:5   | Got an earthy gem with 2348 turns to spare
 13203 | Lair:5   | Reached skill level 10 in Dodging
 14359 | Orc:1    | Entered Level 1 of the Orcish Mines
 14374 | Orc:1    | Received a gift from Trog
 14588 | Orc:1    | Found Sashiyno's Assorted Antiques.
 14600 | Orc:1    | Bought a pair of runed boots for 240 gold pieces
 14894 | Orc:2    | Entered Level 2 of the Orcish Mines
 14917 | Orc:2    | Reached skill level 15 in Axes
 14930 | Orc:2    | Found Myecu's Book Boutique.
 15048 | Orc:2    | Reached skill level 15 in Fighting
 15066 | Orc:2    | Paralysed by an orc sorcerer for 2 turns
 15169 | Orc:2    | Received a gift from Trog
 15405 | Orc:2    | Found a staircase to the Elven Halls.
 15459 | Orc:2    | Found Jouwinaf's Book Boutique.
 15459 | Orc:2    | Found Onebur's Magic Scroll Shoppe.
 15461 | Orc:2    | Found Toeseiq's Distillery.
 15463 | Orc:2    | Found Ucrapistri's Jewellery Shop.
 15468 | Orc:2    | Bought a scroll of enchant armour for 105 gold pieces
 15468 | Orc:2    | Bought a scroll of teleportation for 42 gold pieces
 15468 | Orc:2    | Bought a scroll of fear for 56 gold pieces
 15471 | Orc:2    | Bought a potion of curing for 42 gold pieces
 15471 | Orc:2    | Bought a potion of curing for 42 gold pieces
 15471 | Orc:2    | Bought a potion of curing for 42 gold pieces
 15471 | Orc:2    | Bought a potion of enlightenment for 70 gold pieces
 15471 | Orc:2    | Bought a potion of enlightenment for 70 gold pieces
 15471 | Orc:2    | Bought a potion of lignification for 42 gold pieces
 16079 | D:13     | Reached skill level 15 in Armour
 16411 | D:13     | Found Ygaumuips's Book Emporium.
 16916 | D:14     | Found a gate to the Vaults.
 16931 | D:14     | Reached XP level 15. HP: 93/141 MP: 14/14
 17952 | D:15     | Entered Level 15 of the Dungeon
 18226 | D:15     | Found a staircase to the Depths.
 19492 | Lair:1   | Identified the +2 short sword "Zophipir" {flame, Str-5
                  | Dex+6}
 19587 | Lair:1   | Reached skill level 16 in Fighting
 19662 | Lair:1   | Noticed Joseph
 19675 | Lair:1   | Killed Joseph
 20163 | Lair:2   | Received a gift from Trog
 20756 | Lair:3   | Found a hole to the Spider Nest.
 20968 | Lair:3   | Found a staircase to the Shoals.
 21605 | Lair:4   | Found a runed translucent door.
 21667 | Lair:4   | Found a viscous altar of Jiyva.
 21667 | Lair:4   | Found a staircase to the Slime Pits.
 22135 | Lair:4   | Found a transporter.
 22160 | Lair:4   | Found a transporter.
 22164 | Lair:4   | Noticed Laummuim's ghost (journeyman FeFi)
 22378 | Spider:1 | Entered Level 1 of the Spider Nest
 22434 | Spider:1 | Reached XP level 16. HP: 152/152 MP: 15/15
 22461 | Spider:1 | Reached ****** piety under Trog
 22595 | Spider:1 | Noticed Frances
 22605 | Spider:1 | Received a gift from Trog
 22630 | Spider:1 | Killed Frances
 22888 | Spider:2 | Reached skill level 17 in Fighting
 23116 | Spider:4 | Entered Level 4 of the Spider Nest
 23613 | Spider:4 | Found a large runed translucent door.
 23613 | Spider:4 | Found a large runed translucent door.
 24103 | Spider:4 | Reached skill level 15 in Shields
 24103 | Spider:4 | Reached skill level 10 in Evocations
 24149 | Spider:4 | Got a milky-white gem with 723 turns to spare
 24151 | Spider:4 | Got a gossamer rune of Zot
 24437 | Spider:3 | Identified the +0 chain mail of the Chewing Visions {rPois}
 25199 | Spider:3 | Reached XP level 17. HP: 163/163 MP: 16/16
 25299 | Spider:3 | Received a gift from Trog
 25300 | Spider:3 | Reached skill level 18 in Fighting
 26767 | Spider:2 | Noticed Arachne
 26784 | Spider:2 | Killed Arachne
 27642 | Spider:1 | Gained mutation: [You are frail. (-10% HP)] [mutagenic
                  | glow]
 27820 | Spider:1 | Lost mutation: [You are frail. (-10% HP)] [potion of
                  | mutation]
 27820 | Spider:1 | Lost mutation: You are partially covered in iridescent
                  | scales. (AC +2) [potion of mutation]
 27820 | Spider:1 | Gained mutation: Your system is resistant to poisons.
                  | (rPois) [potion of mutation]
 27820 | Spider:1 | Gained mutation: You have very sharp teeth. [potion of
                  | mutation]
 27820 | Spider:1 | Gained mutation: Your spells are a little harder to cast,
                  | but a little more powerful. [potion of mutation]
 28358 | Lair:4   | Killed Laummuim's ghost
 28358 | Lair:4   | Received a gift from Trog
 28360 | Lair:4   | Identified the ring "Apith" {rN++ Str+9 Dex-2 SInv}
 28362 | Lair:4   | Identified the amulet of Generosity {Spirit ^Contam Will+
                  | rCorr}
 28619 | D:5      | Killed Grinder
 28670 | D:5      | Found a runed translucent door.
 28671 | D:5      | Noticed Crazy Yiuf
 28841 | D:5      | Killed Crazy Yiuf
 28920 | D:7      | Killed Querens's ghost
 29076 | Vaults:1 | Entered Level 1 of the Vaults
 30492 | Vaults:2 | Identified the orb of Lucidity {*channel, Regen+ Str-4
                  | Dex-2 Conj}
 30492 | Vaults:2 | Noticed Frederick
 30505 | Vaults:2 | Noticed Zenata
 30828 | Vaults:2 | Found Rinuant's Assorted Antiques.
 30831 | Vaults:2 | Bought the +3 pair of seven-league boots {Rampage+∞} for
                  | 1440 gold pieces
 30831 | Vaults:2 | Found the +3 pair of seven-league boots {Rampage+∞}
 31083 | Vaults:2 | Killed Zenata
 31165 | Abyss:2  | Cast into level 2 of the Abyss (a deep elf demonologist)
 31317 | Abyss:2  | Found a corrupted altar of Lugonu.
 31366 | Abyss:2  | Found a corrupted altar of Lugonu.
 31570 | Abyss:2  | Noticed a bone dragon
 31616 | Abyss:2  | Killed a bone dragon
 31620 | Abyss:2  | Reached skill level 19 in Fighting
 31624 | Vaults:2 | Escaped the Abyss
 31631 | Vaults:2 | Mangled by a war gargoyle

Illustrated notes

Levels and vault maps discovered:
D:1:      lightli_arrival_lavapool, layout_basic,
          shapermc_ecumenical_altar_flowoftime, serial_shops, shop
D:2:      cheibrodos_pilgrimage, layout_basic
D:3:      layout_basic, nicolae_hepliaklqana_hippocampus, serial_bayou_pond_b
D:4:      layout_rooms, nicolae_overflow_crystal_walls, grunt_ministairs_2,
          uniq_natasha
D:5:      minmay_evil_eye, layout_gridville,
          nzn_overflow_gifts_of_might_and_magic, uniq_grinder,
          uniq_crazy_yiuf_cottage
D:6:      layout_layer_cave
D:7:      layout_basic, minmay_temple_entry_stoned_glass, gammafunk_ghost_icy
D:8:      layout_rooms, kennysheep_generic_room_14, uniq_prince_ribbit1
D:9:      layout_basic, grunt_temple_overflow_order_and_chaos_2,
          mainiacjoe_overflow_boulevard, minmay_misc_feat_encased,
          minmay_fractal_squares_5, uniq_psyche
D:10:     layout_loops_ring, tso_oasis_becter, hiddenorc2_lemuel,
          kennysheep_crisscross
D:11:     layout_cave_pools, due_lair_maze_entry_diamond, uniq_erica
D:12:     layout_rooms, hex_tiny
D:13:     layout_irregular_city, serial_shops, nicolae_shop_waterfront
D:14:     layout_basic, erik_vaults_2
D:15:     gammafunk_enter_depths_forms, layout_loops_corners,
          chequers_serial_rivers_micro_b, gauntlet_entry_generic
Lair:1:   layout_gridlike, enter_volcano_1, wad_woods_river_01,
          grunt_megastairs_2, uniq_joseph
Lair:2:   layout_chaotic_city, portal_ice_cave_entry_pillars_1, uniq_sonja,
          uniq_amaemon
Lair:3:   layout_small_grid, elwin_shoals_entry_stream, spider_nest_entry_a
Lair:4:   beast_lair_carwin_large_3, layout_cave_pods, slime_entry_1,
          gammafunk_ghost_berserking_beasts, st_stairs_4, pf_torpor_hydra,
          infiniplex_staircase_pool
Lair:5:   wormcave, layout_hall_layers, hangedman_lair_caniforms_friends,
          grunt_forest_small_clearings, lemuel_fruit_tree,
          infiniplex_staircase_pool_2, uniq_kirke, uniq_nessos
Spider:1: nicolae_spider_jumping_over_cracks [nicolae_spider_jumping_sub_empty,
          nicolae_spider_jumping_sub_offset, nicolae_spider_jumping_sub_stairs,
          nicolae_spider_jumping_sub_no_exit], uniq_frances
Spider:2: layout_chambers, uniq_arachne
Spider:3: layout_spider_delve, nicolae_spider_bzzzt,
          hangedman_spider_tarantella_strand
Spider:4: spider_rune_water, ebering_ghost_disaster_area,
          einodemon_crawler_minivault
Orc:1:    layout_diamond_mine, serial_shops, nicolae_shop_statue_plus
Orc:2:    st_orc_rangers, layout_caves, serial_shops, shop
Vaults:1: dpeg_vaults_monster_row, nicolae_vaults_trapezoid_lopsided_3,
          nicolae_vaults_little_squares_1, vaults_dpeg_encased_lava,
          nicolae_vaults_yaktaur_gun_rack, layout_vaults_omnigrid
Vaults:2: nicolae_vaults_whirlpool_walls, ontoclasm_vaults_ring_small,
          nicolae_vaults_wrenched, nicolae_vaults_mini_display_case,
          nicolae_vaults_trapezoid_lopsided_3, nicolae_vaults_shrinking_rooms_1,
          nicolae_vaults_asterisk, v_rooms_3, nicolae_vaults_sesquioval_fish,
          ontoclasm_vaults_loading_screen, hangedman_vaults_pinch,
          ontoclasm_vaults_bender, nicolae_vaults_house_1,
          nicolae_vaults_tangram_1, vaults_dpeg_diagonal,
          nicolae_vaults_variable_pillar_hall, nicolae_vaults_tetromino_L_2,
          vaults_dpeg_ring, layout_vaults_omnicross, serial_shops,
          nicolae_shop_pleasant_corner_grove, uniq_frederick, uniq_zenata

Skill      XL: |  1  2  3  4  5  6  7  8  9 10 11 12 13 14 15 16 17 |
---------------+----------------------------------------------------+-----
Shields        | 1 2 3 4 6 7 9 11 12 13 15 16 | 16.2
Fighting       | 4 5 6 7 8 10 11 12 14 15 16 17 19 | 19.0
Axes           | 4 5 6 7 9 10 11 13 14 15 16 17 18 | 18.1
Armour         | 3 4 5 7 8 10 11 12 13 15 16 | 16.9
Dodging        | 3 4 5 6 7 8 9 10 11 12 | 12.4
Evocations     | 1 4 6 8 10 11 | 11.6

Action                     |  1- 3 |  4- 6 |  7- 9 | 10-12 | 13-15 | 16-18 || total
---------------------------+-------+-------+-------+-------+-------+-------++-------
  Melee: Hand axe          |    51 |   146 |   232 |       |       |       ||   429
         Headbutt          |     6 |    22 |    72 |   112 |   273 |   258 ||   743
         War axe           |       |       |    90 |   504 |       |       ||   594
         Broad axe         |       |       |       |    14 |  1142 |  1025 ||  2181
         Bite              |       |       |       |       |       |    57 ||    57
  Throw: Dart              |       |       |       |     1 |     1 |       ||     2
 Invoke: Berserk           |     1 |     4 |     9 |     8 |     9 |     7 ||    38
         Trog's Hand       |       |       |       |     3 |    13 |    14 ||    30
         Brothers in Arms  |       |       |       |       |       |     2 ||     2
  Evoke: Wand              |       |       |     4 |    10 |     7 |     5 ||    26
    Use: Scroll            |     3 |     7 |     6 |    11 |    14 |     7 ||    48
         Potion            |       |     2 |       |     4 |     4 |    16 ||    26
   Stab: Petrified         |       |       |       |       |     1 |       ||     1
         Distracted        |       |       |       |       |       |     1 ||     1
         Invisible         |       |       |       |       |       |     3 ||     3
 Armour: Animal skin       |     7 |       |       |       |       |       ||     7
         Plate armour      |    30 |   123 |   204 |       |       |       ||   357
         Chain mail        |       |       |    38 |   353 |   677 |    50 ||  1118
         Skin              |       |       |     6 |       |       |       ||     6
         Ice dragon scales |       |       |       |       |    40 |       ||    40
         Ring mail         |       |       |       |       |     3 |   443 ||   446
  Dodge: Dodged            |    17 |    57 |   100 |   319 |   705 |   478 ||  1676
  Block: Buckler           |     9 |    24 |    70 |   160 |   373 |       ||   636
         Kite shield       |       |       |       |       |   226 |   660 ||   886
